AAA EAST
JACKSONVILLE JUMBO SHRIMP @ SYRACUSE CHIEFS
08/26/2041
 
TOP OF THE 1ST
Jacksonville Jumbo Shrimp batting - Pitching for Syracuse Chiefs : RHP Chris Patrick
Pitching: RHP Chris Patrick
Batting: RHB António Sandoval 0-0: Foul Ball, location: 2RF
0-1: Called Strike
0-2: Ball
1-2: SINGLE (Line Drive, 8LS, EV 94.4 MPH)
Batting: RHB Sean Davidson 0-0: Ground out 6-3 (Groundball, 6, EV 101.3 MPH)
António Sandoval to second
Batting: LHB Danny King 0-0: Ball
1-0: Ground out 6-3 (Groundball, 6, EV 108.8 MPH)
Batting: LHB Juan Novoa 0-0: Foul Ball, location: 2F
0-1: Swinging Strike
0-2: Ball
1-2: Strikes out swinging
Top of the 1st over - 0 runs, 1 hit, 0 errors, 1 left on base; Jacksonville 0 - Syracuse 0
BOTTOM OF THE 1ST
Syracuse Chiefs batting - Pitching for Jacksonville Jumbo Shrimp : RHP José Pérez
Pitching: RHP José Pérez
Batting: LHB Lauro Malaparte 0-0: SINGLE (Line Drive, 9S, EV 106.9 MPH)
Batting: RHB César Ortíz 0-0: Ball
1-0: Called Strike
1-1: Swinging Strike
1-2: Ball
Lauro Malaparte steals 2nd base
2-2: Ball
3-2: Base on Balls
Batting: LHB Pancho Moreno 0-0: Called Strike
Lauro Malaparte steals 3rd base
0-1: Foul Ball, location: 2F
0-2: Ball
1-2: Ball
2-2: DOUBLE (Groundball, 3L, EV 101.9 MPH)
Lauro Malaparte scores
César Ortíz to third
Batting: RHB Ignacio Cruz 0-0: Foul Ball, location: 7LMF
0-1: Ball
1-1: Ball
2-1: Foul Ball, location: 25FF
2-2: Foul Ball, location: 3F
2-2: Foul Ball, location: 3SF
2-2: Fly out, F3 (Popup, 3F, EV 65.0 MPH)
Batting: LHB Bob Lester 0-0: Ball
1-0: Foul Ball, location: 9LSF
1-1: Swinging Strike
1-2: Ball
2-2: SINGLE (Line Drive, 6M, EV 98.1 MPH)
César Ortíz scores
Pancho Moreno to third
Batting: LHB Geoffrey Pratt 0-0: Foul Ball, location: 7LDF
0-1: Ball
1-1: Foul Ball, location: 5FF
1-2: Fly out, F8 (Flyball, 8RD, EV 103.8 MPH)
Runner from 3rd tags up, SCORES, no throw by CF
Batting: RHB Merlin Hall 0-0: Called Strike
0-1: Foul Ball, location: 2F
0-2: Strikes out swinging
Bottom of the 1st over - 3 runs, 3 hits, 0 errors, 1 left on base; Jacksonville 0 - Syracuse 3
TOP OF THE 2ND
Jacksonville Jumbo Shrimp batting - Pitching for Syracuse Chiefs : RHP Chris Patrick
Batting: RHB Kel Mearns 0-0: Ball
1-0: Called Strike
1-1: Swinging Strike
1-2: Foul Ball, location: 2F
1-2: Foul Ball, location: 5SF
1-2: Foul Ball, location: 25F
1-2: Strikes out swinging
Batting: LHB Roger Lenoir 0-0: Swinging Strike
0-1: Ground out 6-3 (Groundball, 6, EV 83.8 MPH)
Batting: LHB Augusto García 0-0: Foul Ball, location: 5F
0-1: Foul Ball, location: 2F
0-2: Strikes out swinging
Top of the 2nd over - 0 runs, 0 hits, 0 errors, 0 left on base; Jacksonville 0 - Syracuse 3
BOTTOM OF THE 2ND
Syracuse Chiefs batting - Pitching for Jacksonville Jumbo Shrimp : RHP José Pérez
Batting: RHB Gilberto Peña 0-0: Called Strike
0-1: Ball
1-1: Ground out 6-3 (Groundball, 6M, EV 86.3 MPH)
Batting: RHB Pete Lindsay 0-0: Ball
1-0: Ground out 5-3 (Groundball, 5, EV 106.9 MPH)
Batting: LHB Lauro Malaparte 0-0: Fly out, F5 (Popup, 5SF, EV 86.9 MPH)
Bottom of the 2nd over - 0 runs, 0 hits, 0 errors, 0 left on base; Jacksonville 0 - Syracuse 3
TOP OF THE 3RD
Jacksonville Jumbo Shrimp batting - Pitching for Syracuse Chiefs : RHP Chris Patrick
Batting: RHB Doug Miller 0-0: DOUBLE (Line Drive, 7LD, EV 98.1 MPH)
Batting: RHB Cristóbal Martínez 0-0: Ground out 5-3 (Groundball, 56S, EV 82.5 MPH)
Batting: RHB António Sandoval 0-0: Ground out 5-3 (Groundball, 56, EV 100.6 MPH)
Batting: RHB Sean Davidson 0-0: Swinging Strike
0-1: Ball
1-1: Swinging Strike
1-2: Strikes out swinging
Top of the 3rd over - 0 runs, 1 hit, 0 errors, 1 left on base; Jacksonville 0 - Syracuse 3
BOTTOM OF THE 3RD
Syracuse Chiefs batting - Pitching for Jacksonville Jumbo Shrimp : RHP José Pérez
Batting: RHB César Ortíz 0-0: Ball
1-0: Ball
2-0: SINGLE (Groundball, 5D, EV 95.6 MPH)
Batting: LHB Pancho Moreno 0-0: Ball
1-0: Ball
2-0: SINGLE (Line Drive, 9LS, EV 86.3 MPH)
César Ortíz to second
Batting: RHB Ignacio Cruz 0-0: Called Strike
0-1: SINGLE (Line Drive, 3D, EV 97.5 MPH)
César Ortíz to third
Pancho Moreno to second
Batting: LHB Bob Lester 0-0: Ball
1-0: Fly out, F7 (Flyball, 7LM, EV 90.0 MPH)
Batting: LHB Geoffrey Pratt 0-0: DOUBLE (Flyball, 7LD, EV 98.8 MPH)
César Ortíz scores
Pancho Moreno scores
Ignacio Cruz to third
Runner from 3rd tries for Home, SAFE, throw by LF to home
Batting: RHB Merlin Hall 0-0: Ground out 5-3 (Groundball, 56, EV 105.6 MPH)
Geoffrey Pratt to third
Batting: RHB Gilberto Peña 0-0: Fly out, F9 (Flyball, 9, EV 78.1 MPH)
Bottom of the 3rd over - 3 runs, 4 hits, 0 errors, 1 left on base; Jacksonville 0 - Syracuse 6
TOP OF THE 4TH
Jacksonville Jumbo Shrimp batting - Pitching for Syracuse Chiefs : RHP Chris Patrick
Batting: LHB Danny King 0-0: Fly out, F5 (Popup, 56, EV 68.8 MPH)
Batting: LHB Juan Novoa 0-0: Foul Ball, location: 5FF
0-1: Ball
1-1: DOUBLE (Line Drive, 7LD, EV 103.1 MPH)
Batting: RHB Kel Mearns 0-0: Ball
1-0: Ball
2-0: DOUBLE (Flyball, 8RXD, EV 108.8 MPH)
Juan Novoa scores
Batting: LHB Roger Lenoir 0-0: Ball
1-0: Swinging Strike
1-1: Ball
2-1: Ground out U3 (Groundball, 34, EV 63.8 MPH)
Kel Mearns to third
Batting: LHB Augusto García 0-0: Ball
1-0: Called Strike
1-1: Called Strike
1-2: Ball
2-2: Ball
3-2: Fly out, F5 (Line Drive, 56, EV 71.3 MPH)
Top of the 4th over - 1 run, 2 hits, 0 errors, 1 left on base; Jacksonville 1 - Syracuse 6
BOTTOM OF THE 4TH
Syracuse Chiefs batting - Pitching for Jacksonville Jumbo Shrimp : RHP José Pérez
Batting: RHB Pete Lindsay 0-0: Ground out 6-3 (Groundball, 6, EV 70.6 MPH)
Batting: LHB Lauro Malaparte 0-0: Ball
1-0: Ball
2-0: Ball
3-0: Called Strike
3-1: Base on Balls
Pitching: RHP Johnny Hampton
Batting: RHB César Ortíz 0-0: Ball
1-0: Foul Ball, location: 3DF
1-1: Fly out, F7 (Flyball, 7S, EV 91.3 MPH)
Batting: LHB Pancho Moreno 0-0: Fielders Choice at 2nd, 6-4 (Groundball, 6, EV 99.4 MPH)
Bottom of the 4th over - 0 runs, 0 hits, 0 errors, 1 left on base; Jacksonville 1 - Syracuse 6
TOP OF THE 5TH
Jacksonville Jumbo Shrimp batting - Pitching for Syracuse Chiefs : RHP Chris Patrick
Batting: RHB Doug Miller 0-0: Ball
1-0: Ball
2-0: Called Strike
2-1: Ground out 1-3 (Groundball, 15S, EV 64.4 MPH)
Batting: RHB Cristóbal Martínez 0-0: Ball
1-0: Ball
2-0: Called Strike
2-1: Called Strike
2-2: Foul Ball, location: 9LSF
2-2: Ground out 4-3 (Groundball, 4M, EV 87.5 MPH)
Batting: RHB António Sandoval 0-0: Ball
1-0: Called Strike
1-1: Foul Ball, location: 25FF
1-2: Strikes out swinging
Top of the 5th over - 0 runs, 0 hits, 0 errors, 0 left on base; Jacksonville 1 - Syracuse 6
BOTTOM OF THE 5TH
Syracuse Chiefs batting - Pitching for Jacksonville Jumbo Shrimp : RHP Johnny Hampton
Batting: RHB Ignacio Cruz 0-0: Ball
1-0: Called Strike
1-1: Ball
2-1: Swinging Strike
2-2: Fly out, F6 (Popup, 6, EV 68.1 MPH)
Batting: LHB Bob Lester 0-0: Ball
1-0: Ball
2-0: Ground out 4-3 (Groundball, 4, EV 96.9 MPH)
Batting: LHB Geoffrey Pratt 0-0: Ground out 4-3 (Groundball, 4, EV 86.3 MPH)
Bottom of the 5th over - 0 runs, 0 hits, 0 errors, 0 left on base; Jacksonville 1 - Syracuse 6
TOP OF THE 6TH
Jacksonville Jumbo Shrimp batting - Pitching for Syracuse Chiefs : RHP Chris Patrick
Batting: RHB Sean Davidson 0-0: Called Strike
0-1: Ball
1-1: Ground out 6-3 (Groundball, 56, EV 78.8 MPH)
Batting: LHB Danny King 0-0: Ground out 6-3 (Groundball, 6, EV 88.8 MPH)
Batting: LHB Juan Novoa 0-0: Called Strike
0-1: Ground out 6-3 (Groundball, 6D, EV 85.6 MPH)
Top of the 6th over - 0 runs, 0 hits, 0 errors, 0 left on base; Jacksonville 1 - Syracuse 6
BOTTOM OF THE 6TH
Syracuse Chiefs batting - Pitching for Jacksonville Jumbo Shrimp : RHP Johnny Hampton
Batting: RHB Merlin Hall 0-0: Called Strike
0-1: Ball
1-1: Ball
2-1: Foul Ball, location: 2F
2-2: Ball
3-2: Strikes out swinging
Batting: RHB Gilberto Peña 0-0: Foul Ball, location: 5F
0-1: Ball
1-1: Called Strike
1-2: Ball
2-2: Foul Ball, location: 3F
2-2: Strikes out swinging
Batting: RHB Pete Lindsay 0-0: Called Strike
0-1: Ball
1-1: Foul Ball, location: 2RF
1-2: Fly out, F8 (Flyball, 8RD, EV 97.5 MPH)
Bottom of the 6th over - 0 runs, 0 hits, 0 errors, 0 left on base; Jacksonville 1 - Syracuse 6
TOP OF THE 7TH
Jacksonville Jumbo Shrimp batting - Pitching for Syracuse Chiefs : RHP Chris Patrick
Batting: RHB Kel Mearns 0-0: Ball
1-0: DOUBLE (Flyball, 78XD, EV 91.3 MPH)
Batting: LHB Roger Lenoir 0-0: Called Strike
0-1: Ball
1-1: Ball
2-1: Swinging Strike
2-2: Ball
3-2: Base on Balls
Batting: LHB Augusto García 0-0: Ball
1-0: Called Strike
1-1: Ball
2-1: Ball
3-1: Fly out, F7 (Flyball, 7LMF, EV 103.1 MPH)
Batting: RHB Doug Miller 0-0: Ball
1-0: Called Strike
1-1: Fly out, F9 (Line Drive, 9D, EV 90.0 MPH)
Runner from 2nd tags up, SAFE at 3rd, no throw by RF
Batting: RHB Cristóbal Martínez 0-0: Ball
1-0: Fielders Choice at 2nd, 5-4 (Groundball, 56, EV 85.0 MPH)
Top of the 7th over - 0 runs, 1 hit, 0 errors, 2 left on base; Jacksonville 1 - Syracuse 6
BOTTOM OF THE 7TH
Syracuse Chiefs batting - Pitching for Jacksonville Jumbo Shrimp : RHP Johnny Hampton
Batting: LHB Lauro Malaparte 0-0: Foul Ball, location: 7LSF
0-1: Foul Ball, location: 5SF
0-2: Ball
1-2: Ball
2-2: Strikes out swinging
Batting: RHB César Ortíz 0-0: Called Strike
0-1: Fly out, F7 (Flyball, 7, EV 91.9 MPH)
Batting: LHB Pancho Moreno 0-0: Called Strike
0-1: Ball
1-1: SOLO HOME RUN (Flyball, 78XD, EV 103.8 MPH), Distance : 410 ft
Batting: RHB Ignacio Cruz 0-0: Ball
1-0: Called Strike
1-1: Ball
2-1: Ball
3-1: Swinging Strike
3-2: Base on Balls
Batting: LHB Bob Lester 0-0: Called Strike
0-1: Foul Ball, location: 9LDF
0-2: Foul Ball, location: 7LDF
0-2: Ground out 4-3 (Groundball, 4, EV 80.6 MPH)
Bottom of the 7th over - 1 run, 1 hit, 0 errors, 1 left on base; Jacksonville 1 - Syracuse 7
TOP OF THE 8TH
Jacksonville Jumbo Shrimp batting - Pitching for Syracuse Chiefs : RHP Chris Patrick
Batting: RHB António Sandoval 0-0: Ball
1-0: Ball
2-0: Called Strike
2-1: Foul Ball, location: 9LSF
2-2: Foul Ball, location: 2F
2-2: Ball
3-2: Foul Ball, location: 9LDF
3-2: Base on Balls
Pitching: RHP Steve Stallings
Batting: RHB Sean Davidson 0-0: Ball
1-0: Ball
2-0: Ball
3-0: Foul Ball, location: 2F
3-1: Base on Balls
António Sandoval to second
Batting: LHB Danny King 0-0: SINGLE (Line Drive, 3D, EV 97.5 MPH)
António Sandoval to third
Sean Davidson to second
Batting: LHB Juan Novoa 0-0: Ball
1-0: Foul Ball, location: 2F
1-1: Swinging Strike
1-2: Ball
2-2: Strikes out swinging
Batting: RHB Kel Mearns 0-0: Ball
1-0: Called Strike
1-1: Ball
2-1: Foul Ball, location: 2F
2-2: Fly out, F9 (Flyball, 9D, EV 91.3 MPH)
Runner from 3rd tags up, SCORES, throw by RF
Sean Davidson to third
Batting: LHB Roger Lenoir 0-0: Called Strike
0-1: Ball
1-1: Foul Ball, location: 2F
1-2: Foul Ball, location: 9LDF
1-2: Strikes out swinging
Top of the 8th over - 1 run, 1 hit, 0 errors, 2 left on base; Jacksonville 2 - Syracuse 7
BOTTOM OF THE 8TH
Syracuse Chiefs batting - Pitching for Jacksonville Jumbo Shrimp : RHP Johnny Hampton
Batting: LHB Geoffrey Pratt 0-0: Ground out 6-3 (Groundball, 6, EV 106.3 MPH)
Batting: RHB Merlin Hall 0-0: Ball
1-0: Called Strike
1-1: Foul Ball, location: 3F
1-2: Strikes out looking
Batting: RHB Gilberto Peña 0-0: Ball
1-0: Fly out, F9 (Line Drive, 9, EV 93.8 MPH)
Bottom of the 8th over - 0 runs, 0 hits, 0 errors, 0 left on base; Jacksonville 2 - Syracuse 7
TOP OF THE 9TH
Jacksonville Jumbo Shrimp batting - Pitching for Syracuse Chiefs : RHP Steve Stallings
Batting: LHB Augusto García 0-0: Swinging Strike
0-1: Called Strike
0-2: Ball
1-2: Strikes out swinging
Batting: RHB Doug Miller 0-0: Swinging Strike
0-1: Called Strike
0-2: Strikes out swinging
Batting: RHB Cristóbal Martínez 0-0: Ball
1-0: Swinging Strike
1-1: Foul Ball, location: 2F
1-2: Strikes out swinging
Top of the 9th over - 0 runs, 0 hits, 0 errors, 0 left on base; Jacksonville 2 - Syracuse 7
Monday, April 1st , 2024 - OOTP Baseball 24.10 Build 82